 Dungeon Sprint DCSS version 0.30-a0-1103-g25895a7845 (webtiles) character file.

Game seed: 14956884340307490353

412 123456 the Fighter (level 6, -5/67 HPs)
             Began as a Minotaur Fighter on Apr 18, 2023.
             Was an Initiate of Gozag.
             Killed by divine providence
             ... invoked by an orc priest
              (12 damage)
             ... in the Dungeon (Sprint IX: "|||||||||||||||||||||||||||||").
             The game lasted 00:00:44 (225 turns).

123456 the Fighter (Minotaur Fighter)                Turns: 225, Time: 00:00:45

Health: -5/67      AC: 22    Str: 23    XL:     6   Next: 59%
Magic:  5/5        EV: 10    Int:  8    God:    Gozag
Gold:   0          SH:  0    Dex:  9    Spells: 5/5 levels left

rFire   . . .      SeeInvis .    n - +2 dire flail (protect)
rCold   . . .      Faith    .    (shield currently unavailable)
rNeg    . . .      Spirit   .    c - +1 chain mail
rPois   .          Reflect  .    (helmet restricted)
rElec   .          Rampage  .    a - +0 cloak
rCorr   .          NoTele   +    (no gloves)
Will    .....                    (no boots) Stlth
                                 (no amulet)
HPRegen 0.31/turn                o - +3 ring of intelligence
MPRegen 0.09/turn                p - +2 ring of protection

@: gold aura, under a protective aura
A: horns 2, retaliatory headbutt
a: Renounce Religion, Potion Petition, Call Merchant, Bribe Branch


You were in the Dungeon.
You worshipped Gozag.
Gozag was noncommittal.
You visited 1 branch

Inventory:

Hand Weapons
 n - a +2 dire flail of protection (weapon)
Armour
 a - a +0 cloak (worn)
 c - a +1 chain mail (worn)
Jewellery
 o - a +3 ring of intelligence (left hand)
 p - a +2 ring of protection (right hand)
Wands
 m - a wand of iceblast (10)
Scrolls
 j - 2 scrolls of blinking
 l - 2 scrolls of amnesia
Potions
 d - a potion of might
 e - 5 potions of curing
 f - 3 potions of heal wounds
 g - a potion of haste
 h - 4 potions of magic
 i - a potion of berserk rage
 k - a potion of invisibility


   Skills:
 * Level 10.5 Fighting
 * Level 10.2 Maces & Flails
 + Level 7.9 Armour
 + Level 6.1 Dodging
 - Level 3.6 Shields


You had 5 spell levels left.
You didn't know any spells.
Your spell library was empty.

Dungeon Overview and Level Annotations

Branches:
Dungeon (1/1)

Altars:
Cheibriados
Dithmenos
Elyvilon
Fedhas
Gozag
Hepliaklqana
Kikubaaqudgha
Makhleb
Nemelex Xobeh
Okawaru
Qazlal
Ru
Sif Muna
Trog
Uskayaw
Vehumet
Wu Jian
Xom
Yredelemnul
Zin
The Shining One
Jiyva
Lugonu


Innate Abilities, Weirdness & Mutations

You have a pair of horns on your head.
You reflexively headbutt those who attack you in melee.


Message History

* * * LOW HITPOINT WARNING * * *
You hit the gargoyle.
The gargoyle is severely damaged.
The gargoyle hits you but does no damage.
You hit the gargoyle but do no damage.
The gargoyle is severely damaged.
The gargoyle hits you but does no damage.
The orc wizard gestures wildly while chanting.
The orc wizard flickers and vanishes!
You thump the gargoyle!
You destroy the gargoyle!
Your Fighting skill gained 3 levels and is now at level 10!
Your Maces & Flails skill gained 4 levels and is now at level 10!
Your Armour skill increases to level 7!
Your Dodging skill gained 3 levels and is now at level 6!
You have reached level 5!
You have reached level 6!
You miss something.
The killer bee is distracted by your dazzling golden aura.
Something hits you but does no damage.
The killer bee buzzes angrily.
You puncture something!
Reactivating autopickup.
You feel a bit more experienced.
The killer bee is no longer distracted by gold.
Deactivating autopickup; reactivate with Ctrl-A.
You hit something.
The shadow strikes at you from the darkness!
* * * LOW HITPOINT WARNING * * *
Reactivating autopickup.
You closely miss the shadow. Your headbutt misses the shadow.
The shadow is lightly damaged.
The shadow hits you.
You hit the shadow.
You headbutt the shadow, but do no damage.
The shadow is moderately damaged.
The orc priest calls down the wrath of Beogh upon you.
Beogh smites you!
You die...
Your body crumbles into a pile of gold.

▓+▓
▓.▓
$
▓.▓
$
▓o▓
$ $
▓D▓
$
▓y▓
$
▓W▓
▓@▓
$
▓[▓
$
▓.▓
$
▓.▓
▓[▓
$
▓.▓
▓.▓
$
▓[▓
$
▓.▓
$


You could see an acid dragon, a shadow, a killer bee and an orc priest.

Vanquished Creatures
  A gargoyle (D)
  3 hounds (D)
  An iguana (D)
  An orc wizard (D)
  An orc (D)
  An endoplasm (D)
  A bat (D)
  A frilled lizard (D)
  2 kobolds (D)
12 creatures vanquished.

Notes
Turn   | Place    | Note
-------+----------+-------------------------------------------
     0 | D        | 123456 the Minotaur Fighter began the quest for the Orb.
     0 | D        | Reached XP level 1. HP: 19/19 MP: 0/0
    15 | D        | Reached skill level 1 in Dodging
    20 | D        | Noticed a hound
    20 | D        | Noticed a hound
    20 | D        | Noticed a hound
    20 | D        | Noticed an iguana
    28 | D        | Killed an iguana
    29 | D        | Reached skill level 5 in Fighting
    29 | D        | Reached XP level 2. HP: 25/29 MP: 1/1
    29 | D        | Reached XP level 3. HP: 32/36 MP: 2/2
    35 | D        | Reached skill level 5 in Maces & Flails
    35 | D        | Reached skill level 5 in Armour
    39 | D        | Reached XP level 4. HP: 25/47 MP: 3/3
   134 | D        | Found a snail-covered altar of Cheibriados.
   134 | D        | Found a shadowy altar of Dithmenos.
   134 | D        | Found a white marble altar of Elyvilon.
   134 | D        | Found a blossoming altar of Fedhas.
   134 | D        | Found an opulent altar of Gozag.
   135 | D        | Found a hazy altar of Hepliaklqana.
   136 | D        | Found a viscous altar of Jiyva.
   137 | D        | Found an ancient bone altar of Kikubaaqudgha.
   138 | D        | Found a corrupted altar of Lugonu.
   139 | D        | Found a burning altar of Makhleb.
   140 | D        | Found a sparkling altar of Nemelex Xobeh.
   141 | D        | Found an iron altar of Okawaru.
   142 | D        | Became a worshipper of Gozag Ym Sagoz the Greedy
   145 | D        | Found a stormy altar of Qazlal.
   146 | D        | Found a sacrificial altar of Ru.
   147 | D        | Found a shimmering blue altar of Sif Muna.
   148 | D        | Found a bloodstained altar of Trog.
   149 | D        | Found a hide-covered altar of Uskayaw.
   150 | D        | Found a radiant altar of Vehumet.
   151 | D        | Found an ornate altar of the Wu Jian Council.
   152 | D        | Found a shimmering altar of Xom.
   153 | D        | Found a basalt altar of Yredelemnul.
   154 | D        | Found a glowing silver altar of Zin.
   155 | D        | Found a glowing golden altar of the Shining One.
   208 | D        | Noticed an acid dragon
   208 | D        | Noticed a shadow
   208 | D        | Noticed a gargoyle
   220 | D        | Killed a gargoyle
   221 | D        | Reached skill level 10 in Fighting
   221 | D        | Reached skill level 10 in Maces & Flails
   221 | D        | Reached XP level 5. HP: 12/59 MP: 4/4
   221 | D        | Reached XP level 6. HP: 14/67 MP: 5/5
   225 | D        | Killed from afar by an orc priest

Illustrated notes

Levels and vault maps discovered:
D:        linesprint [early_d, line_temple, items_1, d_10, items_2, lair_1,
          lair_end, items_3, orc_1, orc_end, items_4, d_15, swamp_1, shoals_1,
          snake_1, spider_1, d_20, vaults_1, items_5, swamp_end, shoals_end,
          snake_end, spider_end, vaults_end, d_27, items_6, zot_1, zot_end,
          crypt_end, forest_end, elf_end, slime_end, tomb_end, abyss_end,
          pan_hell_end]

Skill      XL: |  1  2  3  4 |
---------------+-------------+-----
Fighting       | 5 7 10 | 10.5
Maces & Flails | 4 6 10 | 10.2
Dodging        | 2 3 6 |  6.1
Armour         | 4 5 7 |  7.9
Shields        | |  3.6

Action                     |  1- 3 |  4- 6 || total
---------------------------+-------+-------++-------
  Melee: Flail             |    28 |     4 ||    32
         Headbutt          |     1 |     6 ||     7
         Dire flail        |       |    16 ||    16
 Armour: Scale mail        |    11 |     1 ||    12
         Chain mail        |       |     6 ||     6
  Dodge: Dodged            |    12 |     5 ||    17
  Block: Buckler           |     6 |     1 ||     7

Table legend: (Time is in decaauts)
 A = Elapsed time spent in this place.
 B = Non-inter-level travel time spent in this place.
 C = Inter-level travel time spent in this place.
 D = Time resting spent in this place.
 E = Time spent auto-exploring this place.
 F = Levels seen in this place.
 G = Mean time per level.
                   A        B        C        D        E       F      G
               +--------+--------+--------+--------+--------+-----+--------+
         Total |    229 |    229 |      0 |      0 |     96 |   1 |  229.0 |
       Dungeon |    229 |    229 |      0 |      0 |     96 |   1 |  229.0 |
               +--------+--------+--------+--------+--------+-----+--------+

Top non-repeatable levels by time:
       D: 229 daAuts
